3190 views
Uploaded 2020-04-03 23:21:52
Game version 1.32.3
27:29 long 4on4 ladder game on (8)Deadlock_LV
Saved by BEARAND
3190 views
Uploaded 2020-04-03 23:21:52
Game version 1.32.3
27:29 long 4on4 ladder game on (8)Deadlock_LV


92 units @ 7.3k
/ 0.4k
282 buildings @ 21.8k
/ 10.3k


| Healing Salve | 2 | 200 |
| Lesser Clarity Potion | 3 | 210 |
| Orb of Lightning | 2 | 750 |
| Potion of Mana | 1 | 200 |
| Boots of Speed | 2 | 500 |
| Staff of Teleportation | 2 | 300 |
| Staff of Sanctuary | 2 | 500 |
| Sobi Mask | 1 | 400 |
| Scourge Bone Chimes | 1 | 400 |
| Robe of the Magi +6 | 1 | 400 |
| total: | 17 | 3860g |
| Peon | 10 | 750 | / | 0 |
| Troll Batrider | 9 | 1440 | / | 360 |
| total: | 19 | 2190g | / | 360w |
| Watch Tower | 30 | 3300 | / | 2400 |
| Altar of Storms | 2 | 360 | / | 100 |
| Orc Burrow | 4 | 640 | / | 160 |
| War Mill | 1 | 205 | / | 0 |
| Voodoo Lounge | 4 | 520 | / | 120 |
| Great Hall | 2 | 770 | / | 370 |
| Beastiary | 3 | 435 | / | 420 |
| Stronghold | 1 | 315 | / | 190 |
| Fortress | 1 | 325 | / | 190 |
| total: | 46 | 6230g | / | 3570w |
| 0:02 | Peon |
| 0:02 | Peon |
| 0:06 | Altar of Storms |
| 0:10 | Orc Burrow |
| 0:22 | Peon |
| 0:22 | Peon |
| 0:38 | War Mill |
| 1:00 | Peon |
| 1:06 | Voodoo Lounge |
| 1:13 | Peon |
| 1:14 | Peon |
| 1:44 | Peon |
| 1:52 | Watch Tower |
| 1:54 | Peon |
| 2:05 | Wind Walk |
| 2:10 | Peon |
| 2:33 | Stronghold |
| 3:15 | Watch Tower |
| 3:17 | Spiked Barricades |
| 3:19 | Orc Burrow |
| 3:35 | Watch Tower |
| 3:37 | Watch Tower |
| 3:38 | Watch Tower |
| 4:06 | Healing Salve |
| 4:06 | Lesser Clarity Potion |
| 4:07 | Lesser Clarity Potion |
| 4:18 | Watch Tower |
| 5:22 | Watch Tower |
| 5:26 | Fortress |
| 5:42 | Beastiary |
| 5:54 | Critical Strike |
| 5:58 | Orc Burrow |
| 6:00 | Watch Tower |
| 6:01 | Watch Tower |
| 6:13 | Boots of Speed |
| 6:22 | Hex |
| 6:28 | Staff of Teleportation |
| 6:39 | Watch Tower |
| 7:53 | Voodoo Lounge |
| 7:55 | Voodoo Lounge |
| 7:57 | Voodoo Lounge |
| 8:17 | Watch Tower |
| 8:18 | Watch Tower |
| 8:20 | Watch Tower |
| 8:21 | Watch Tower |
| 8:45 | Sobi Mask |
| 8:56 | Reinforced Defenses |
| 9:33 | Watch Tower |
| 9:34 | Watch Tower |
| 9:59 | Troll Batrider |
| 10:03 | Beastiary |
| 10:11 | Healing Wave |
| 11:10 | Troll Batrider |
| 11:23 | Orb of Lightning |
| 11:40 | Troll Batrider |
| 11:51 | Wind Walk |
| 13:20 | Orc Burrow |
| 13:54 | Orb of Lightning |
| 14:02 | Watch Tower |
| 14:03 | Watch Tower |
| 14:04 | Watch Tower |
| 14:05 | Watch Tower |
| 14:17 | Troll Batrider |
| 14:18 | Troll Batrider |
| 14:54 | Healing Wave |
| 16:01 | Troll Batrider |
| 16:10 | Healing Salve |
| 16:10 | Lesser Clarity Potion |
| 16:22 | Beastiary |
| 17:06 | Watch Tower |
| 17:07 | Watch Tower |
| 17:11 | Watch Tower |
| 17:15 | Watch Tower |
| 17:22 | Troll Batrider |
| 17:23 | Liquid Fire |
| 17:38 | Boots of Speed |
| 17:49 | Altar of Storms |
| 17:52 | Staff of Sanctuary |
| 17:55 | Staff of Sanctuary |
| 18:23 | Watch Tower |
| 18:23 | Watch Tower |
| 18:24 | Watch Tower |
| 18:35 | Improved Spiked Barricades |
| 18:46 | Scourge Bone Chimes |
| 18:49 | Robe of the Magi +6 |
| 19:15 | Critical Strike |
| 19:38 | Watch Tower |
| 19:39 | Watch Tower |
| 19:40 | Watch Tower |
| 19:44 | Troll Batrider |
| 20:41 | Potion of Mana |
| 21:07 | Troll Batrider |
| 21:25 | Hex |
| 24:37 | Great Hall |
| 24:58 | Staff of Teleportation |
| 25:42 | Wind Walk |
| 26:56 | Great Hall |
| Right click | 2335 |
| Select group | 1269 |
| Select | 227 |
| Chat | 222 |
| Build/train/purchase | 101 |
| Use ability | 92 |
| Minimap ping | 58 |
| Misc. action | 37 |
| Assign group | 15 |
| Item give/drop | 11 |



| Staff of Sanctuary | 3 | 750 |
| Boots of Speed | 3 | 750 |
| Staff of Teleportation | 3 | 450 |
| Healing Salve | 2 | 200 |
| Orb of Lightning | 2 | 750 |
| Replenishment Potion | 1 | 150 |
| Belt of Giant Strength +6 | 1 | 400 |
| Robe of the Magi +6 | 1 | 400 |
| total: | 16 | 3850g |
| Peasant | 17 | 1275 | / | 0 |
| Priest | 1 | 135 | / | 10 |
| total: | 18 | 1410g | / | 10w |
| Scout Tower | 81 | 2430 | / | 1620 |
| Arcane Tower | 7 | 490 | / | 350 |
| Guard Tower | 41 | 2870 | / | 2050 |
| Altar of Kings | 2 | 360 | / | 100 |
| Farm | 4 | 320 | / | 80 |
| Lumber Mill | 1 | 120 | / | 0 |
| Town Hall | 1 | 385 | / | 205 |
| Arcane Vault | 4 | 520 | / | 120 |
| Arcane Sanctum | 1 | 150 | / | 140 |
| Keep | 1 | 320 | / | 210 |
| Castle | 1 | 360 | / | 210 |
| total: | 94 | 4285g | / | 2265w |
| 0:01 | Peasant |
| 0:01 | Peasant |
| 0:05 | Altar of Kings |
| 0:11 | Altar of Kings |
| 0:16 | Peasant |
| 0:17 | Farm |
| 0:19 | Peasant |
| 0:32 | Peasant |
| 0:36 | Lumber Mill |
| 0:44 | Peasant |
| 0:50 | Scout Tower |
| 1:05 | Scout Tower |
| 1:16 | Peasant |
| 1:23 | Scout Tower |
| 1:24 | Peasant |
| 1:27 | Farm |
| 1:38 | Arcane Tower |
| 1:53 | Arcane Tower |
| 1:54 | Scout Tower |
| 1:59 | Peasant |
| 2:03 | Peasant |
| 2:06 | Guard Tower |
| 2:09 | Blizzard |
| 2:15 | Scout Tower |
| 2:18 | Scout Tower |
| 2:20 | Guard Tower |
| 2:30 | Peasant |
| 2:39 | Peasant |
| 2:40 | Peasant |
| 2:41 | Scout Tower |
| 2:49 | Guard Tower |
| 2:50 | Scout Tower |
| 2:51 | Scout Tower |
| 2:51 | Peasant |
| 2:52 | Peasant |
| 3:05 | Peasant |
| 3:07 | Peasant |
| 3:31 | Keep |
| 3:32 | Improved Masonry |
| 3:34 | Guard Tower |
| 3:35 | Scout Tower |
| 3:35 | Scout Tower |
| 3:51 | Guard Tower |
| 3:53 | Scout Tower |
| 3:53 | Scout Tower |
| 3:54 | Scout Tower |
| 3:54 | Scout Tower |
| 4:16 | Boots of Speed |
| 4:22 | Staff of Teleportation |
| 4:29 | Guard Tower |
| 4:41 | Guard Tower |
| 4:52 | Scout Tower |
| 4:53 | Scout Tower |
| 4:55 | Farm |
| 5:00 | Farm |
| 5:22 | Guard Tower |
| 5:23 | Guard Tower |
| 5:34 | Scout Tower |
| 5:35 | Scout Tower |
| 5:35 | Scout Tower |
| 6:05 | Brilliance Aura |
| 6:32 | Town Hall |
| 6:38 | Scout Tower |
| 6:38 | Scout Tower |
| 6:48 | Guard Tower |
| 7:00 | Guard Tower |
| 7:01 | Guard Tower |
| 7:09 | Storm Bolt |
| 7:37 | Guard Tower |
| 7:40 | Blizzard |
| 7:43 | Guard Tower |
| 7:43 | Guard Tower |
| 7:44 | Scout Tower |
| 7:44 | Scout Tower |
| 7:44 | Scout Tower |
| 7:45 | Scout Tower |
| 7:45 | Scout Tower |
| 7:45 | Scout Tower |
| 7:48 | Arcane Sanctum |
| 8:38 | Guard Tower |
| 8:51 | Castle |
| 8:51 | Advanced Masonry |
| 8:54 | Scout Tower |
| 8:55 | Scout Tower |
| 8:55 | Scout Tower |
| 8:56 | Scout Tower |
| 8:57 | Scout Tower |
| 8:57 | Scout Tower |
| 8:58 | Scout Tower |
| 8:59 | Scout Tower |
| 8:59 | Scout Tower |
| 8:59 | Scout Tower |
| 9:34 | Arcane Tower |
| 9:35 | Guard Tower |
| 9:36 | Magic Sentry |
| 9:37 | Priest |
| 9:39 | Guard Tower |
| 9:43 | Arcane Vault |
| 9:45 | Arcane Vault |
| 9:52 | Replenishment Potion |
| 10:02 | Scout Tower |
| 10:02 | Scout Tower |
| 10:03 | Scout Tower |
| 10:03 | Scout Tower |
| 10:08 | Scout Tower |
| 10:08 | Scout Tower |
| 10:09 | Scout Tower |
| 10:09 | Scout Tower |
| 10:10 | Scout Tower |
| 10:10 | Scout Tower |
| 10:11 | Scout Tower |
| 10:12 | Scout Tower |
| 10:12 | Scout Tower |
| 10:13 | Scout Tower |
| 10:13 | Scout Tower |
| 10:43 | Bash |
| 10:47 | Boots of Speed |
| 10:47 | Staff of Teleportation |
| 11:00 | Arcane Tower |
| 11:00 | Guard Tower |
| 11:11 | Healing Salve |
| 11:16 | Orb of Lightning |
| 11:38 | Guard Tower |
| 11:44 | Staff of Sanctuary |
| 11:56 | Scout Tower |
| 11:59 | Scout Tower |
| 12:01 | Staff of Sanctuary |
| 12:08 | Guard Tower |
| 12:11 | Guard Tower |
| 12:48 | Holy Light |
| 12:50 | Imbued Masonry |
| 13:09 | Arcane Tower |
| 13:24 | Guard Tower |
| 13:26 | Guard Tower |
| 13:43 | Scout Tower |
| 13:44 | Scout Tower |
| 13:44 | Scout Tower |
| 13:45 | Scout Tower |
| 13:50 | Boots of Speed |
| 13:56 | Belt of Giant Strength +6 |
| 15:30 | Guard Tower |
| 15:35 | Guard Tower |
| 15:36 | Guard Tower |
| 15:37 | Scout Tower |
| 15:38 | Scout Tower |
| 15:38 | Scout Tower |
| 15:39 | Scout Tower |
| 15:39 | Scout Tower |
| 15:46 | Arcane Tower |
| 15:50 | Arcane Vault |
| 15:55 | Guard Tower |
| 16:21 | Orb of Lightning |
| 16:26 | Staff of Sanctuary |
| 17:35 | Guard Tower |
| 17:38 | Guard Tower |
| 17:42 | Arcane Vault |
| 18:00 | Guard Tower |
| 18:01 | Scout Tower |
| 18:01 | Scout Tower |
| 18:01 | Scout Tower |
| 18:18 | Staff of Teleportation |
| 18:23 | Healing Salve |
| 19:29 | Storm Bolt |
| 19:49 | Brilliance Aura |
| 21:07 | Divine Shield |
| 22:00 | Guard Tower |
| 22:00 | Scout Tower |
| 22:01 | Scout Tower |
| 22:01 | Scout Tower |
| 22:01 | Scout Tower |
| 22:02 | Scout Tower |
| 23:20 | Scout Tower |
| 23:20 | Scout Tower |
| 23:21 | Scout Tower |
| 23:21 | Scout Tower |
| 23:21 | Scout Tower |
| 23:22 | Scout Tower |
| 23:22 | Scout Tower |
| 23:22 | Scout Tower |
| 23:23 | Scout Tower |
| 23:26 | Arcane Tower |
| 23:26 | Guard Tower |
| 23:45 | Holy Light |
| 24:48 | Guard Tower |
| 25:07 | Robe of the Magi +6 |
| 26:31 | Guard Tower |
| Right click | 2612 |
| Select | 846 |
| Select group | 522 |
| Build/train/purchase | 139 |
| Chat | 123 |
| Use ability | 110 |
| Misc. action | 19 |
| Assign group | 16 |
| Item give/drop | 7 |
| Remove unit | 4 |
| Minimap ping | 4 |



| Staff of Preservation | 3 | 450 |
| Potion of Healing | 4 | 600 |
| Lesser Clarity Potion | 1 | 70 |
| Orb of Venom | 2 | 650 |
| Moonstone | 1 | 50 |
| Boots of Speed | 3 | 750 |
| Staff of Teleportation | 3 | 450 |
| Circlet of Nobility | 1 | 175 |
| Scroll of Regeneration | 1 | 100 |
| Healing Salve | 3 | 300 |
| Pendant of Energy | 1 | 300 |
| total: | 23 | 3895g |
| Wisp | 30 | 1800 | / | 0 |
| total: | 30 | 1800g | / | 0w |
| Altar of Elders | 1 | 180 | / | 50 |
| Moon Well | 28 | 5040 | / | 1120 |
| Ancient of Wonders | 3 | 270 | / | 90 |
| Tree of Life | 4 | 1360 | / | 740 |
| Hunter's Hall | 1 | 210 | / | 100 |
| Tree of Ages | 1 | 320 | / | 180 |
| Tree of Eternity | 1 | 330 | / | 200 |
| total: | 37 | 7060g | / | 2100w |
| 0:01 | Wisp |
| 0:03 | Altar of Elders |
| 0:10 | Wisp |
| 0:19 | Moon Well |
| 0:25 | Wisp |
| 0:33 | Wisp |
| 0:44 | Wisp |
| 1:03 | Wisp |
| 1:13 | Wisp |
| 1:24 | Moon Well |
| 1:26 | Wisp |
| 1:35 | Wisp |
| 1:46 | Wisp |
| 1:55 | Wisp |
| 2:06 | Moon Well |
| 2:09 | Entangling Roots |
| 2:15 | Wisp |
| 2:34 | Moon Well |
| 2:51 | Wisp |
| 2:51 | Wisp |
| 3:39 | Wisp |
| 3:39 | Wisp |
| 3:39 | Wisp |
| 4:13 | Moon Well |
| 4:25 | Wisp |
| 4:50 | Boots of Speed |
| 4:50 | Staff of Teleportation |
| 5:18 | Thorns Aura |
| 5:25 | Tree of Ages |
| 5:29 | Moon Well |
| 6:02 | Moon Well |
| 6:37 | Moon Well |
| 7:16 | Ancient of Wonders |
| 7:30 | Moon Well |
| 8:08 | Frost Arrows |
| 8:57 | Moon Well |
| 9:17 | Tree of Eternity |
| 9:36 | Ancient of Wonders |
| 9:57 | Tree of Life |
| 11:00 | Tree of Life |
| 11:06 | Entangling Roots |
| 11:22 | Scroll of Regeneration |
| 11:29 | Staff of Preservation |
| 11:38 | Wisp |
| 11:38 | Wisp |
| 11:38 | Wisp |
| 11:38 | Wisp |
| 11:45 | Hunter's Hall |
| 11:48 | Wisp |
| 12:15 | Boots of Speed |
| 12:23 | Wisp |
| 13:00 | Staff of Teleportation |
| 13:05 | Moon Well |
| 13:09 | Nature's Blessing |
| 13:09 | Well Spring |
| 14:00 | Silence |
| 14:27 | Moon Well |
| 14:30 | Moon Well |
| 15:16 | Forked Lightning |
| 15:57 | Wisp |
| 16:02 | Boots of Speed |
| 16:02 | Staff of Teleportation |
| 16:03 | Circlet of Nobility |
| 16:22 | Potion of Healing |
| 16:55 | Potion of Healing |
| 17:10 | Healing Salve |
| 17:13 | Lesser Clarity Potion |
| 17:53 | Potion of Healing |
| 17:55 | Healing Salve |
| 18:05 | Moon Well |
| 18:07 | Moon Well |
| 18:08 | Moon Well |
| 19:10 | Ancient of Wonders |
| 19:11 | Moon Well |
| 19:11 | Moon Well |
| 19:23 | Moon Well |
| 19:24 | Moon Well |
| 19:39 | Potion of Healing |
| 20:16 | Healing Salve |
| 20:22 | Life Drain |
| 21:10 | Moon Well |
| 21:10 | Moon Well |
| 21:40 | Staff of Preservation |
| 22:04 | Tree of Life |
| 22:07 | Moon Well |
| 23:01 | Moon Well |
| 23:01 | Moon Well |
| 23:10 | Moon Well |
| 23:39 | Wisp |
| 23:39 | Wisp |
| 23:39 | Wisp |
| 23:39 | Wisp |
| 23:39 | Wisp |
| 24:10 | Thorns Aura |
| 24:12 | Frost Arrows |
| 24:28 | Tree of Life |
| 24:47 | Staff of Preservation |
| 24:51 | Orb of Venom |
| 25:01 | Moon Well |
| 25:03 | Moon Well |
| 25:24 | Pendant of Energy |
| 25:29 | Orb of Venom |
| 25:29 | Moonstone |
| Right click | 1895 |
| Select group | 966 |
| Assign group | 447 |
| Select | 256 |
| Resource trade | 177 |
| Build/train/purchase | 128 |
| Use ability | 104 |
| Chat | 59 |
| Misc. action | 19 |
| Item give/drop | 11 |
| Minimap ping | 4 |



| Scroll of Regeneration | 1 | 100 |
| Staff of Sanctuary | 3 | 750 |
| Staff of Teleportation | 3 | 450 |
| Orb of Venom | 2 | 650 |
| Staff of Silence | 1 | 600 |
| Runed Bracers | 2 | 800 |
| Belt of Giant Strength +6 | 2 | 800 |
| Talisman of Evasion | 1 | 300 |
| Sobi Mask | 1 | 400 |
| Ring of Regeneration | 1 | 300 |
| The Lion Horn of Stormwind | 1 | 400 |
| Robe of the Magi +6 | 1 | 400 |
| total: | 19 | 5950g |
| Peasant | 25 | 1875 | / | 0 |
| total: | 25 | 1875g | / | 0w |
| Scout Tower | 95 | 2850 | / | 1900 |
| Guard Tower | 47 | 3290 | / | 2350 |
| Arcane Tower | 1 | 70 | / | 50 |
| Altar of Kings | 1 | 180 | / | 50 |
| Farm | 4 | 320 | / | 80 |
| Lumber Mill | 1 | 120 | / | 0 |
| Town Hall | 1 | 385 | / | 205 |
| Arcane Vault | 3 | 390 | / | 90 |
| Keep | 1 | 320 | / | 210 |
| Castle | 1 | 360 | / | 210 |
| total: | 105 | 4245g | / | 2325w |
| 0:02 | Peasant |
| 0:02 | Peasant |
| 0:05 | Altar of Kings |
| 0:18 | Farm |
| 0:24 | Peasant |
| 0:46 | Peasant |
| 0:55 | Lumber Mill |
| 0:58 | Peasant |
| 1:12 | Farm |
| 1:14 | Peasant |
| 1:20 | Peasant |
| 1:36 | Scout Tower |
| 1:37 | Scout Tower |
| 1:39 | Peasant |
| 1:58 | Peasant |
| 2:02 | Guard Tower |
| 2:04 | Arcane Tower |
| 2:05 | Peasant |
| 2:11 | Improved Masonry |
| 2:13 | Blizzard |
| 2:17 | Scout Tower |
| 2:18 | Scout Tower |
| 2:22 | Scout Tower |
| 2:22 | Scout Tower |
| 2:23 | Scout Tower |
| 2:24 | Scout Tower |
| 2:25 | Peasant |
| 2:40 | Guard Tower |
| 2:41 | Peasant |
| 3:02 | Guard Tower |
| 3:04 | Peasant |
| 3:04 | Peasant |
| 3:51 | Town Hall |
| 3:55 | Scout Tower |
| 3:56 | Scout Tower |
| 3:57 | Scout Tower |
| 3:57 | Scout Tower |
| 3:58 | Scout Tower |
| 3:59 | Scout Tower |
| 4:04 | Guard Tower |
| 4:07 | Farm |
| 4:11 | Scout Tower |
| 4:11 | Scout Tower |
| 4:16 | Guard Tower |
| 5:04 | Guard Tower |
| 5:23 | Scout Tower |
| 5:24 | Scout Tower |
| 5:24 | Scout Tower |
| 5:27 | Peasant |
| 5:28 | Peasant |
| 5:36 | Brilliance Aura |
| 5:40 | Arcane Vault |
| 5:41 | Scout Tower |
| 5:42 | Scout Tower |
| 5:42 | Scout Tower |
| 5:44 | Peasant |
| 5:55 | Guard Tower |
| 5:57 | Scout Tower |
| 5:58 | Scout Tower |
| 6:03 | Peasant |
| 6:25 | Scout Tower |
| 6:26 | Guard Tower |
| 6:28 | Scout Tower |
| 6:46 | Guard Tower |
| 6:53 | Staff of Teleportation |
| 7:12 | Guard Tower |
| 7:28 | Keep |
| 8:54 | Peasant |
| 8:55 | Scout Tower |
| 8:55 | Scout Tower |
| 8:56 | Scout Tower |
| 9:00 | Scout Tower |
| 9:01 | Scout Tower |
| 9:01 | Scout Tower |
| 9:02 | Scout Tower |
| 9:02 | Guard Tower |
| 9:25 | Staff of Silence |
| 9:39 | Runed Bracers |
| 9:46 | Guard Tower |
| 9:48 | Guard Tower |
| 9:49 | Peasant |
| 9:53 | Scroll of Regeneration |
| 9:59 | Guard Tower |
| 10:03 | Castle |
| 10:04 | Advanced Masonry |
| 10:14 | Scout Tower |
| 10:15 | Guard Tower |
| 10:15 | Scout Tower |
| 10:16 | Scout Tower |
| 10:17 | Scout Tower |
| 10:31 | Peasant |
| 10:32 | Farm |
| 10:55 | Guard Tower |
| 10:59 | Storm Bolt |
| 11:18 | Guard Tower |
| 11:19 | Scout Tower |
| 11:20 | Scout Tower |
| 11:25 | Scout Tower |
| 11:29 | Guard Tower |
| 11:30 | Arcane Vault |
| 11:33 | Arcane Vault |
| 11:36 | Peasant |
| 11:41 | Scout Tower |
| 11:41 | Scout Tower |
| 11:42 | Scout Tower |
| 11:42 | Scout Tower |
| 11:57 | Guard Tower |
| 11:59 | Peasant |
| 12:17 | Guard Tower |
| 12:24 | Peasant |
| 12:26 | Peasant |
| 13:07 | Staff of Teleportation |
| 13:13 | Scout Tower |
| 13:13 | Scout Tower |
| 13:14 | Scout Tower |
| 13:14 | Scout Tower |
| 13:16 | Scout Tower |
| 13:16 | Scout Tower |
| 13:17 | Scout Tower |
| 13:17 | Scout Tower |
| 13:25 | Belt of Giant Strength +6 |
| 13:29 | Talisman of Evasion |
| 13:31 | Sobi Mask |
| 13:44 | Guard Tower |
| 13:53 | Staff of Sanctuary |
| 14:04 | Guard Tower |
| 14:09 | Guard Tower |
| 14:10 | Scout Tower |
| 14:11 | Scout Tower |
| 14:11 | Scout Tower |
| 14:12 | Scout Tower |
| 14:16 | Holy Light |
| 14:17 | Staff of Sanctuary |
| 14:21 | Staff of Sanctuary |
| 15:19 | Blizzard |
| 15:24 | Guard Tower |
| 15:26 | Guard Tower |
| 15:36 | Scout Tower |
| 15:37 | Scout Tower |
| 15:37 | Scout Tower |
| 15:37 | Scout Tower |
| 15:55 | Guard Tower |
| 15:56 | Scout Tower |
| 15:57 | Scout Tower |
| 15:57 | Scout Tower |
| 16:09 | Guard Tower |
| 16:15 | Orb of Venom |
| 16:18 | Orb of Venom |
| 16:24 | Ring of Regeneration |
| 16:46 | Staff of Teleportation |
| 16:57 | Guard Tower |
| 18:10 | Scout Tower |
| 18:11 | Scout Tower |
| 18:11 | Scout Tower |
| 18:12 | Scout Tower |
| 18:13 | Guard Tower |
| 18:14 | Guard Tower |
| 18:15 | Scout Tower |
| 18:15 | Scout Tower |
| 18:16 | Scout Tower |
| 18:16 | Scout Tower |
| 18:24 | Scout Tower |
| 18:25 | Scout Tower |
| 19:04 | Guard Tower |
| 19:13 | The Lion Horn of Stormwind |
| 19:18 | Guard Tower |
| 19:59 | Robe of the Magi +6 |
| 20:33 | Bash |
| 22:03 | Guard Tower |
| 23:17 | Belt of Giant Strength +6 |
| 23:43 | Scout Tower |
| 23:43 | Scout Tower |
| 23:44 | Scout Tower |
| 23:44 | Scout Tower |
| 23:46 | Scout Tower |
| 23:46 | Scout Tower |
| 23:47 | Scout Tower |
| 23:47 | Scout Tower |
| 24:07 | Runed Bracers |
| 24:18 | Guard Tower |
| 24:28 | Guard Tower |
| 24:37 | Scout Tower |
| 24:39 | Scout Tower |
| 24:39 | Scout Tower |
| 24:39 | Scout Tower |
| 24:40 | Scout Tower |
| 24:41 | Scout Tower |
| 24:41 | Scout Tower |
| 24:42 | Scout Tower |
| 24:57 | Guard Tower |
| 24:59 | Scout Tower |
| 24:59 | Scout Tower |
| 25:00 | Scout Tower |
| 25:09 | Storm Bolt |
| 25:13 | Divine Shield |
| 26:22 | Guard Tower |
| 26:41 | Scout Tower |
| 26:46 | Guard Tower |
| 26:47 | Scout Tower |
| 26:48 | Scout Tower |
| Right click | 1507 |
| Select | 1091 |
| Select group | 190 |
| Build/train/purchase | 155 |
| Assign group | 136 |
| Use ability | 103 |
| Chat | 62 |
| Minimap ping | 17 |
| Misc. action | 16 |
| Item give/drop | 7 |
| Resource trade | 6 |
200 units @ 28.2k
/ 4.4k
82 buildings @ 13.3k
/ 6k


| Dust of Appearance | 2 | 150 |
| total: | 2 | 150g |
| Acolyte | 18 | 1350 | / | 0 |
| Ghoul | 12 | 1440 | / | 0 |
| Necromancer | 7 | 1015 | / | 140 |
| Meat Wagon | 6 | 1380 | / | 300 |
| Obsidian Statue | 3 | 600 | / | 105 |
| Crypt Fiend | 6 | 1290 | / | 240 |
| Razormane Medicine Man | 1 | 350 | / | 60 |
| total: | 53 | 7425g | / | 845w |
| Nerubian Tower | 1 | 100 | / | 20 |
| Spirit Tower | 1 | 145 | / | 40 |
| Crypt | 2 | 400 | / | 100 |
| Altar of Darkness | 1 | 180 | / | 50 |
| Ziggurat | 13 | 1950 | / | 650 |
| Graveyard | 1 | 215 | / | 0 |
| Tomb of Relics | 1 | 130 | / | 30 |
| Temple of the Damned | 2 | 310 | / | 280 |
| Slaughterhouse | 2 | 280 | / | 270 |
| Halls of the Dead | 1 | 320 | / | 210 |
| Black Citadel | 1 | 325 | / | 230 |
| total: | 22 | 3465g | / | 1380w |
| 0:02 | Acolyte |
| 0:09 | Crypt |
| 0:11 | Altar of Darkness |
| 0:26 | Ziggurat |
| 0:33 | Acolyte |
| 0:49 | Acolyte |
| 1:08 | Ziggurat |
| 1:12 | Ghoul |
| 1:29 | Ghoul |
| 1:45 | Crypt |
| 1:56 | Ghoul |
| 2:11 | Ghoul |
| 2:16 | Unholy Aura |
| 2:30 | Ghoul |
| 2:36 | Nerubian Tower |
| 2:47 | Acolyte |
| 3:04 | Acolyte |
| 3:12 | Ghoul |
| 3:27 | Ghoul |
| 3:31 | Acolyte |
| 3:41 | Ziggurat |
| 3:44 | Ziggurat |
| 4:03 | Ghoul |
| 4:05 | Acolyte |
| 4:36 | Acolyte |
| 4:36 | Acolyte |
| 4:36 | Acolyte |
| 5:35 | Death Coil |
| 5:45 | Halls of the Dead |
| 6:18 | Graveyard |
| 6:30 | Ghoul |
| 6:54 | Ziggurat |
| 7:09 | Tomb of Relics |
| 8:12 | Black Citadel |
| 8:15 | Ghoul |
| 8:18 | Ghoul |
| 8:18 | Ghoul |
| 8:30 | Temple of the Damned |
| 8:32 | Ziggurat |
| 8:45 | Unholy Strength |
| 8:51 | Slaughterhouse |
| 9:28 | Vampiric Aura |
| 9:33 | Temple of the Damned |
| 9:34 | Slaughterhouse |
| 9:35 | Ziggurat |
| 9:37 | Skeletal Mastery |
| 9:37 | Necromancer |
| 9:46 | Ziggurat |
| 9:57 | Razormane Medicine Man |
| 10:16 | Exhume Corpses |
| 10:16 | Meat Wagon |
| 10:23 | Unholy Aura |
| 10:51 | Meat Wagon |
| 10:55 | Meat Wagon |
| 10:57 | Obsidian Statue |
| 10:58 | Necromancer |
| 11:19 | Obsidian Statue |
| 11:21 | Necromancer Adept Training |
| 11:31 | Dust of Appearance |
| 11:42 | Necromancer |
| 11:59 | Acolyte |
| 11:59 | Acolyte |
| 11:59 | Acolyte |
| 12:52 | Necromancer |
| 13:07 | Dust of Appearance |
| 13:20 | Necromancer |
| 13:24 | Necromancer |
| 13:53 | Acolyte |
| 13:53 | Acolyte |
| 13:54 | Acolyte |
| 13:54 | Acolyte |
| 13:54 | Acolyte |
| 14:04 | Necromancer Master Training |
| 14:09 | Improved Unholy Strength |
| 14:11 | Disease Cloud |
| 15:24 | Ziggurat |
| 15:25 | Ziggurat |
| 15:25 | Ziggurat |
| 15:26 | Ziggurat |
| 15:27 | Ziggurat |
| 17:00 | Sleep |
| 17:12 | Spirit Tower |
| 17:58 | Meat Wagon |
| 18:02 | Meat Wagon |
| 18:05 | Advanced Unholy Strength |
| 18:09 | Necromancer |
| 18:32 | Web |
| 18:43 | Crypt Fiend |
| 20:36 | Crypt Fiend |
| 20:41 | Creature Attack |
| 21:27 | Crypt Fiend |
| 21:27 | Crypt Fiend |
| 21:27 | Crypt Fiend |
| 22:14 | Meat Wagon |
| 22:27 | Improved Creature Attack |
| 24:48 | Advanced Creature Attack |
| 25:10 | Creature Carapace |
| 25:15 | Obsidian Statue |
| 25:18 | Crypt Fiend |
| Right click | 1474 |
| Select group | 824 |
| Select | 643 |
| Build/train/purchase | 93 |
| Assign group | 33 |
| Use ability | 28 |
| Misc. action | 19 |
| Item give/drop | 1 |
| Esc | 1 |
| Minimap ping | 1 |

| Potion of Healing | 2 | 300 |
| Potion of Mana | 2 | 400 |
| Scroll of Town Portal | 1 | 350 |
| total: | 5 | 1050g |
| Wisp | 18 | 1080 | / | 0 |
| Archer | 3 | 390 | / | 30 |
| Huntress | 1 | 195 | / | 20 |
| Mountain Giant | 4 | 1400 | / | 400 |
| Dryad | 3 | 435 | / | 180 |
| Druid of the Claw | 2 | 510 | / | 160 |
| total: | 31 | 4010g | / | 790w |
| Ancient Protector | 2 | 270 | / | 160 |
| Altar of Elders | 1 | 180 | / | 50 |
| Moon Well | 8 | 1440 | / | 320 |
| Hunter's Hall | 1 | 210 | / | 100 |
| Ancient of War | 1 | 150 | / | 60 |
| Ancient of Wonders | 2 | 180 | / | 60 |
| Ancient of Lore | 4 | 620 | / | 580 |
| Tree of Ages | 1 | 320 | / | 180 |
| Tree of Eternity | 1 | 330 | / | 200 |
| total: | 19 | 3050g | / | 1330w |
| 0:03 | Wisp |
| 0:05 | Wisp |
| 0:06 | Wisp |
| 0:06 | Wisp |
| 0:06 | Wisp |
| 0:06 | Wisp |
| 0:24 | Altar of Elders |
| 0:27 | Wisp |
| 0:36 | Wisp |
| 0:59 | Wisp |
| 1:06 | Wisp |
| 1:14 | Moon Well |
| 1:28 | Moon Well |
| 1:43 | Hunter's Hall |
| 2:13 | Moon Well |
| 2:30 | Wisp |
| 2:30 | Wisp |
| 2:30 | Wisp |
| 3:17 | Moon Well |
| 3:22 | Ancient of War |
| 3:25 | Wisp |
| 3:28 | Ultravision |
| 3:36 | Entangling Roots |
| 3:54 | Tree of Ages |
| 5:06 | Archer |
| 5:06 | Archer |
| 5:10 | Ancient Protector |
| 5:28 | Archer |
| 5:37 | Ancient Protector |
| 5:45 | Huntress |
| 5:47 | Strength of the Wild |
| 5:56 | Ancient of Wonders |
| 5:59 | Ancient of Wonders |
| 6:06 | Moon Well |
| 6:23 | Moon Well |
| 6:32 | Wisp |
| 6:33 | Wisp |
| 6:33 | Wisp |
| 6:33 | Wisp |
| 6:48 | Ancient of Lore |
| 7:05 | Ancient of Lore |
| 7:09 | Ancient of Lore |
| 7:16 | Ancient of Lore |
| 8:22 | Abolish Magic |
| 8:23 | Mountain Giant |
| 8:24 | Dryad |
| 9:12 | Mountain Giant |
| 10:43 | Moon Well |
| 10:54 | Tree of Eternity |
| 11:08 | Mountain Giant |
| 11:18 | Force of Nature |
| 11:32 | Potion of Healing |
| 11:33 | Potion of Mana |
| 13:26 | Hardened Skin |
| 13:26 | Resistant Skin |
| 13:29 | Dryad |
| 13:37 | Moon Well |
| 15:37 | Druid of the Claw |
| 16:28 | Druid of the Claw Adept Training |
| 17:06 | Improved Strength of the Wild |
| 17:06 | Reinforced Hides |
| 17:13 | Dryad |
| 19:37 | Entangling Roots |
| 20:17 | Mountain Giant |
| 20:20 | Druid of the Claw |
| 21:39 | Scroll of Town Portal |
| 21:40 | Potion of Healing |
| 21:41 | Potion of Mana |
| 23:36 | Force of Nature |
| Right click | 585 |
| Select group | 421 |
| Select | 250 |
| Assign group | 105 |
| Build/train/purchase | 66 |
| Use ability | 52 |
| Chat | 29 |
| Resource trade | 27 |
| Minimap ping | 4 |
| Remove unit | 2 |
| Item give/drop | 1 |
| Esc | 1 |

| Potion of Healing | 1 | 150 |
| total: | 1 | 150g |
| Acolyte | 7 | 525 | / | 0 |
| Ghoul | 2 | 240 | / | 0 |
| Crypt Fiend | 16 | 3440 | / | 640 |
| Meat Wagon | 6 | 1380 | / | 300 |
| Necromancer | 5 | 725 | / | 100 |
| Abomination | 3 | 720 | / | 210 |
| Obsidian Statue | 3 | 600 | / | 105 |
| total: | 42 | 7630g | / | 1355w |
| Nerubian Tower | 1 | 100 | / | 20 |
| Spirit Tower | 5 | 725 | / | 200 |
| Altar of Darkness | 1 | 180 | / | 50 |
| Crypt | 1 | 200 | / | 50 |
| Ziggurat | 7 | 1050 | / | 350 |
| Graveyard | 1 | 215 | / | 0 |
| Tomb of Relics | 1 | 130 | / | 30 |
| Slaughterhouse | 1 | 140 | / | 135 |
| Temple of the Damned | 1 | 155 | / | 140 |
| Sacrificial Pit | 1 | 75 | / | 150 |
| Halls of the Dead | 1 | 320 | / | 210 |
| Black Citadel | 1 | 325 | / | 230 |
| total: | 14 | 2145g | / | 905w |
| 0:10 | Altar of Darkness |
| 0:14 | Crypt |
| 0:18 | Ziggurat |
| 0:28 | Acolyte |
| 0:45 | Acolyte |
| 1:17 | Graveyard |
| 1:20 | Ghoul |
| 1:33 | Nerubian Tower |
| 1:54 | Ghoul |
| 2:00 | Ziggurat |
| 2:23 | Unholy Aura |
| 2:41 | Crypt Fiend |
| 3:07 | Ziggurat |
| 3:11 | Crypt Fiend |
| 3:15 | Spirit Tower |
| 3:43 | Crypt Fiend |
| 4:36 | Halls of the Dead |
| 4:38 | Crypt Fiend |
| 5:07 | Spirit Tower |
| 5:11 | Crypt Fiend |
| 5:46 | Crypt Fiend |
| 6:33 | Tomb of Relics |
| 6:36 | Creature Attack |
| 6:51 | Ziggurat |
| 7:03 | Slaughterhouse |
| 8:01 | Potion of Healing |
| 8:13 | Meat Wagon |
| 8:15 | Meat Wagon |
| 8:15 | Meat Wagon |
| 8:20 | Crypt Fiend |
| 8:47 | Web |
| 9:51 | Meat Wagon |
| 11:13 | Death Coil |
| 11:35 | Ziggurat |
| 11:37 | Ziggurat |
| 11:42 | Black Citadel |
| 11:46 | Meat Wagon |
| 11:55 | Temple of the Damned |
| 13:35 | Meat Wagon |
| 13:36 | Necromancer |
| 13:37 | Necromancer |
| 13:42 | Improved Creature Attack |
| 14:38 | Ziggurat |
| 15:34 | Necromancer |
| 15:35 | Skeletal Mastery |
| 15:42 | Abomination |
| 15:45 | Abomination |
| 15:58 | Spirit Tower |
| 16:01 | Crypt Fiend |
| 16:01 | Crypt Fiend |
| 16:34 | Disease Cloud |
| 16:59 | Necromancer |
| 17:01 | Crypt Fiend |
| 17:39 | Acolyte |
| 18:59 | Necromancer |
| 21:44 | Crypt Fiend |
| 21:45 | Crypt Fiend |
| 21:46 | Crypt Fiend |
| 21:51 | Acolyte |
| 21:51 | Acolyte |
| 21:51 | Acolyte |
| 21:51 | Acolyte |
| 22:03 | Abomination |
| 22:26 | Destroyer Form |
| 22:26 | Obsidian Statue |
| 22:44 | Spirit Tower |
| 22:46 | Spirit Tower |
| 22:54 | Advanced Creature Attack |
| 23:08 | Crypt Fiend |
| 23:10 | Obsidian Statue |
| 24:18 | Sacrificial Pit |
| 24:53 | Obsidian Statue |
| 24:57 | Crypt Fiend |
| 25:12 | Crypt Fiend |
| Right click | 491 |
| Select | 294 |
| Build/train/purchase | 73 |
| Misc. action | 69 |
| Use ability | 13 |
| Assign group | 9 |
| Esc | 6 |
| Minimap ping | 2 |


| Lesser Clarity Potion | 2 | 140 |
| Orb of Venom | 1 | 325 |
| Potion of Healing | 1 | 150 |
| Scroll of Town Portal | 1 | 350 |
| total: | 5 | 965g |
| Wisp | 39 | 2340 | / | 0 |
| Archer | 4 | 520 | / | 40 |
| Druid of the Talon | 15 | 2175 | / | 300 |
| Chimaera | 6 | 1980 | / | 420 |
| Glaive Thrower | 9 | 1890 | / | 585 |
| Huntress | 1 | 195 | / | 20 |
| total: | 74 | 9100g | / | 1365w |
| Ancient Protector | 4 | 540 | / | 320 |
| Altar of Elders | 1 | 180 | / | 50 |
| Moon Well | 8 | 1440 | / | 320 |
| Ancient of War | 5 | 750 | / | 300 |
| Ancient of Wonders | 1 | 90 | / | 30 |
| Tree of Life | 2 | 680 | / | 370 |
| Hunter's Hall | 1 | 210 | / | 100 |
| Ancient of Wind | 1 | 150 | / | 140 |
| Chimaera Roost | 4 | 560 | / | 760 |
| Tree of Ages | 2 | 640 | / | 360 |
| Tree of Eternity | 2 | 660 | / | 400 |
| total: | 27 | 4600g | / | 2390w |
| 0:05 | Wisp |
| 0:05 | Wisp |
| 0:13 | Altar of Elders |
| 0:21 | Moon Well |
| 0:23 | Wisp |
| 0:34 | Wisp |
| 0:48 | Ancient of War |
| 0:52 | Wisp |
| 1:13 | Wisp |
| 1:21 | Wisp |
| 1:37 | Moon Well |
| 1:49 | Archer |
| 1:51 | Wisp |
| 2:05 | Ancient of Wonders |
| 2:08 | Archer |
| 2:20 | Force of Nature |
| 2:36 | Archer |
| 3:05 | Archer |
| 3:19 | Tree of Life |
| 3:28 | Wisp |
| 3:28 | Wisp |
| 3:28 | Wisp |
| 3:34 | Entangling Roots |
| 3:54 | Lesser Clarity Potion |
| 3:59 | Tree of Ages |
| 4:05 | Moon Well |
| 4:27 | Hunter's Hall |
| 5:15 | Entangling Roots |
| 5:26 | Wisp |
| 5:27 | Wisp |
| 5:27 | Wisp |
| 5:27 | Wisp |
| 5:28 | Wisp |
| 6:15 | Tree of Life |
| 6:25 | Tree of Eternity |
| 6:40 | Wisp |
| 6:41 | Wisp |
| 6:41 | Wisp |
| 6:41 | Wisp |
| 6:48 | Ancient of Wind |
| 7:50 | Lesser Clarity Potion |
| 8:04 | Druid of the Talon |
| 8:05 | Druid of the Talon |
| 8:11 | Strength of the Wild |
| 8:11 | Reinforced Hides |
| 8:21 | Moon Well |
| 8:37 | Wisp |
| 8:38 | Wisp |
| 8:38 | Wisp |
| 8:38 | Wisp |
| 8:38 | Wisp |
| 8:47 | Chimaera Roost |
| 8:54 | Trueshot Aura |
| 8:56 | Chimaera Roost |
| 9:38 | Chimaera Roost |
| 9:41 | Wisp |
| 9:42 | Wisp |
| 10:09 | Chimaera Roost |
| 11:03 | Ancient Protector |
| 11:04 | Wisp |
| 11:04 | Wisp |
| 11:04 | Wisp |
| 11:04 | Wisp |
| 11:05 | Wisp |
| 11:05 | Wisp |
| 11:05 | Wisp |
| 11:06 | Ancient Protector |
| 11:08 | Ancient Protector |
| 11:11 | Chimaera |
| 11:30 | Druid of the Talon Adept Training |
| 11:31 | Druid of the Talon |
| 11:40 | Chimaera |
| 11:50 | Moon Well |
| 11:53 | Wisp |
| 11:54 | Wisp |
| 11:54 | Wisp |
| 11:54 | Wisp |
| 12:00 | Chimaera |
| 12:18 | Chimaera |
| 12:29 | Ancient Protector |
| 12:43 | Orb of Venom |
| 12:44 | Potion of Healing |
| 12:48 | Moon Well |
| 12:51 | Moon Well |
| 12:54 | Moon Well |
| 13:09 | Druid of the Talon Master Training |
| 13:12 | Wisp |
| 13:49 | Chimaera |
| 13:52 | Corrosive Breath |
| 14:35 | Force of Nature |
| 14:41 | Chimaera |
| 15:12 | Ancient of War |
| 15:13 | Ancient of War |
| 15:14 | Ancient of War |
| 15:14 | Ancient of War |
| 16:03 | Druid of the Talon |
| 16:03 | Druid of the Talon |
| 16:03 | Druid of the Talon |
| 16:11 | Ultravision |
| 16:11 | Strength of the Moon |
| 16:11 | Improved Strength of the Moon |
| 16:18 | Scroll of Town Portal |
| 16:41 | Vorpal Blades |
| 16:41 | Glaive Thrower |
| 16:56 | Druid of the Talon |
| 16:57 | Druid of the Talon |
| 18:00 | Searing Arrows |
| 18:01 | Glaive Thrower |
| 18:04 | Druid of the Talon |
| 18:04 | Druid of the Talon |
| 18:07 | Advanced Strength of the Moon |
| 18:55 | Glaive Thrower |
| 18:55 | Glaive Thrower |
| 19:52 | Glaive Thrower |
| 20:23 | Glaive Thrower |
| 20:25 | Druid of the Talon |
| 20:26 | Druid of the Talon |
| 21:18 | Glaive Thrower |
| 21:19 | Glaive Thrower |
| 21:49 | Trueshot Aura |
| 22:20 | Druid of the Talon |
| 22:20 | Druid of the Talon |
| 22:20 | Druid of the Talon |
| 24:12 | Moon Glaive |
| 24:12 | Huntress |
| 24:59 | Entangling Roots |
| 25:10 | Moon Armor |
| 25:10 | Improved Moon Armor |
| 26:36 | Glaive Thrower |
| Right click | 1039 |
| Select group | 533 |
| Select | 434 |
| Chat | 279 |
| Build/train/purchase | 136 |
| Use ability | 106 |
| Assign group | 57 |
| Misc. action | 52 |
| Esc | 11 |
| Resource trade | 8 |
| Minimap ping | 3 |
| Item give/drop | 2 |
⇛